 Dungeon Crawl Stone Soup version 0.25-a0-464-g3004169c2b (webtiles) character file.

Game seed: 11738354527466540265, levelgen mode: deterministic

687 Roikka the Covert (level 7, 0/40 HPs)
             Began as a Kobold Assassin on Feb 5, 2020.
             Slain by Crazy Yiuf
             ... wielding a +2 quarterstaff of chaos
              (6 damage)
             ... on level 4 of the Dungeon.
             The game lasted 00:11:35 (4263 turns).

Roikka the Covert (Kobold Assassin)                 Turns: 4263, Time: 00:11:36

Health: 0/40       AC:  6    Str:  8    XL:     7   Next: 94%
Magic:  7/7        EV: 19    Int: 11    God:
Gold:   195        SH:  0    Dex: 18    Spells: 6/6 levels left

rFire    + . .     SeeInvis .   p - +2 dagger (speed)
rCold    . . .     Gourm    .   (shield restricted)
rNeg     . . .     Faith    .   j - +2 robe {rF+}
rPois    .         Spirit   .   (helmet restricted)
rElec    .         Reflect  .   c - +0 cloak
rCorr    .         Harm     .   m - +0 pair of gloves
MR       .....     Rnd*Tele +   (no boots)
Stlth    ++++......             (no amulet)
HPRegen  0.13/turn              (no ring)
MPRegen  0.10/turn              (no ring)

@: flying, hasted, lightly drained, very quick
A: small, antennae 2, hooves 1, carnivore, dopey 1, teleportitis 1
a: no special abilities


You were on level 4 of the Dungeon.
You were completely stuffed.

You visited 1 branch of the dungeon, and saw 4 of its levels.

You collected 195 gold pieces.

Inventory:

Hand Weapons
 a - a +3 dagger
 b - a +3 short sword of draining
 p - a +2 dagger of speed (weapon)
Missiles
 d - 30 poisoned darts (quivered)
 e - 7 curare-tipped darts
Armour
 c - a +0 cloak (worn)
 j - a +2 robe of fire resistance (worn)
 m - a +0 pair of gloves (worn)
Jewellery
 h - a +5 amulet of reflection {unknown}
 n - a cursed ring of attention {unknown}
 w - an uncursed ring of poison resistance {unknown}
Scrolls
 g - a scroll of amnesia
 l - 3 scrolls of remove curse
 q - a scroll of magic mapping
 v - 2 scrolls of teleportation
 x - 3 scrolls of noise {unknown}
 y - a scroll of enchant armour {unknown}
Potions
 i - 3 potions of curing
 k - a potion of brilliance {unknown}
 o - a potion of lignification {unknown}
 r - a potion of might {unknown}
 s - a potion of ambrosia {unknown}
 t - a potion of flight
 u - a potion of haste
Comestibles
 f - 7 rations
 z - 5 chunks of flesh


   Skills:
 - Level 2.1(1.8) Fighting
 - Level 5.3(4.9) Short Blades
 - Level 3.0(2.6) Throwing
 + Level 6.6(6.2) Dodging
 - Level 8.2(7.8) Stealth


You had 6 spell levels left.
You didn't know any spells.
Your spell library was empty.

Dungeon Overview and Level Annotations

Branches:
Dungeon (4/15)
 Temple: D:4-7

Altars:
Fedhas
Nemelex Xobeh
Vehumet
Yredelemnul

Annotations:
D:4 Crazy Yiuf


Innate Abilities, Weirdness & Mutations

You are small and have problems with some larger weapons.
You are carnivorous and can eat meat at any time.
You have a pair of antennae on your head.
You have large cloven feet.
You are dopey. (Int -2)
You are occasionally teleported next to monsters.


Message History

You closely miss Crazy Yiuf.
Crazy Yiuf is moderately wounded.
Crazy Yiuf closely misses you.
You hit Crazy Yiuf.
Crazy Yiuf is heavily wounded.
You barely miss Crazy Yiuf. You kick Crazy Yiuf, but do no damage.
Crazy Yiuf is heavily wounded.
You closely miss Crazy Yiuf.
Crazy Yiuf is heavily wounded.
Crazy Yiuf hits you but does no damage.
You closely miss Crazy Yiuf.
Crazy Yiuf is heavily wounded.
You hit Crazy Yiuf but do no damage. You kick Crazy Yiuf.
Crazy Yiuf is heavily wounded.
You hit Crazy Yiuf. You kick Crazy Yiuf, but do no damage.
Crazy Yiuf is severely wounded.
You hit Crazy Yiuf but do no damage.
Crazy Yiuf is severely wounded.
Crazy Yiuf hits you with a +2 quarterstaff of chaos.
You die...

#..#.#.# #....##.#.# ##...#
#....##.#.#
♣♣###...#.######....##.#.#
♣♣P...#..#....)......##.#.#
♣♣♣P.......#########...#..#.#
.♣.P..)....# #...#.##.###
♣.♣...)###.## #...#......#
♣♣♣♣♣###
#..########...#..#..##
#.....g@......#..#..#
#...#######.#.#..#..#
#.........#.#.####..#
#...#####.#.#.......#
#.........#.#.......#
#########..######.#.#######
..........>.....).#.#
########.##########.# #.# #.#


You could see Crazy Yiuf.

Vanquished Creatures
  A human (D:2)
  An ogre (D:4)
  A bullfrog (D:2)
  A human zombie (D:2)
  A centaur skeleton (D:4)
  Jessica (D:2)
  Terence (D:2)
  An orc wizard (D:3)
  A worker ant (D:4)
  A hound skeleton (D:4)
  Robin (D:1)
  7 adders
  4 gnolls
  An adder skeleton (D:4)
  2 worms (D:2)
  3 dart slugs
  A leopard gecko (D:4)
  5 orcs
  7 bats
  4 giant cockroaches
  17 goblins
  11 hobgoblins
  5 jackals
  A quokka (D:1)
  8 frilled lizards
  A jackal skeleton (D:2)
  8 kobolds
  6 rats
102 creatures vanquished.

Notes
Turn   | Place    | Note
-------+----------+-------------------------------------------
     0 | D:1      | Roikka the Kobold Assassin began the quest for the Orb.
     0 | D:1      | Reached XP level 1. HP: 12/12 MP: 1/1
     7 | D:1      | Noticed an electric eel
     7 | D:1      | Noticed an electric eel
   159 | D:1      | Reached XP level 2. HP: 17/17 MP: 2/2
   715 | D:1      | Reached XP level 3. HP: 21/21 MP: 3/3
  1005 | D:2      | Noticed Robin
  1255 | D:1      | Killed Robin
  1255 | D:1      | Reached skill level 6 in Stealth
  1255 | D:1      | Reached XP level 4. HP: 23/26 MP: 4/4
  1404 | D:2      | Noticed Terence
  1415 | D:2      | Killed Terence
  1459 | D:2      | Found a radiant altar of Vehumet.
  1469 | D:2      | Reached XP level 5. HP: 24/30 MP: 5/5
  1489 | D:1      | Gained mutation: You are resistant to hostile enchantments.
                  | (MR+) [potion of mutation]
  1489 | D:1      | Gained mutation: You are occasionally teleported next to
                  | monsters. [potion of mutation]
  1489 | D:1      | Gained mutation: Your spells are a little easier to cast,
                  | but a little less powerful. [potion of mutation]
  1489 | D:1      | Gained mutation: You possess an exceptional clarity of
                  | mind. [potion of mutation]
  1727 | D:1      | Lost mutation: Your spells are a little easier to cast, but
                  | a little less powerful. [potion of mutation]
  1727 | D:1      | Lost mutation: You are resistant to hostile enchantments.
                  | (MR+) [potion of mutation]
  1727 | D:1      | Lost mutation: You possess an exceptional clarity of mind.
                  | [potion of mutation]
  1727 | D:1      | Gained mutation: You have a pair of small antennae on your
                  | head. [potion of mutation]
  1727 | D:1      | Gained mutation: You are dopey. (Int -2) [potion of
                  | mutation]
  1727 | D:1      | Gained mutation: You have a pair of antennae on your head.
                  | [potion of mutation]
  1727 | D:1      | Gained mutation: You have large cloven feet. [potion of
                  | mutation]
  1836 | D:2      | Noticed Jessica
  1843 | D:2      | Killed Jessica
  2110 | D:2      | Found a runed translucent door.
  2110 | D:2      | Noticed a human
  2111 | D:2      | Noticed a bullfrog
  2254 | D:2      | Found a basalt altar of Yredelemnul.
  2269 | D:2      | Killed a bullfrog
  2269 | D:2      | Reached skill level 5 in Short Blades
  2269 | D:2      | Reached skill level 7 in Stealth
  2269 | D:2      | Reached XP level 6. HP: 30/35 MP: 6/6
  2298 | D:2      | Killed a human
  2298 | D:2      | Reached skill level 8 in Stealth
  2298 | D:2      | Reached XP level 7. HP: 27/40 MP: 7/7
  2884 | D:3      | Found a blossoming altar of Fedhas.
  3047 | D:3      | Reached skill level 5 in Dodging
  3226 | D:3      | Found a sparkling altar of Nemelex Xobeh.
  4210 | D:4      | Found a runed translucent door.
  4211 | D:4      | Noticed Crazy Yiuf
  4263 | D:4      | Slain by Crazy Yiuf

Levels and vault maps discovered:
D:1:      arrival_aquarium_b, layout_basic
D:2:      layout_loops_ring, overflow_temple_1_default, dk_yredelemnul_ordeal,
          uniq_robin, uniq_terence, uniq_jessica
D:3:      layout_loops_ring, marbit_many_paths, overflow_temple_1_default,
          minmay_quantized
D:4:      layout_basic, first_ration, uniq_crazy_yiuf_cottage

Skill      XL: |  1  2  3  4  5  6  7 |
---------------+----------------------+-----
Short Blades   | 3 4 5 |  5.3
Dodging        | 2 3 6 |  6.6
Stealth        | 6 7 8 |  8.2
Throwing       | 3 |  3.0
Fighting       | |  2.1

Action                   |  1- 3 |  4- 6 |  7- 9 || total
-------------------------+-------+-------+-------++-------
Melee: Dagger            |   110 |   115 |   179 ||   404
       Kick              |       |    24 |    56 ||    80
Throw: Dart              |     2 |     5 |    14 ||    21
  Use: Scroll            |       |     7 |     1 ||     8
       Potion            |       |     3 |     2 ||     5
 Stab: Sleeping          |     9 |     3 |    15 ||    27
       Distracted        |       |       |     1 ||     1
  Eat: Chunk             |     9 |     3 |     7 ||    19
Armor: Robe              |    13 |    26 |    14 ||    53
Dodge: Dodged            |    70 |    89 |    86 ||   245

Table legend:
 A = Non-vault XP
 B = Vault XP
 C = Vault XP percentage of total XP
 D = Non-vault monster count
 E = Vault monster count
 F = Vault count percentage of total count
                 A         B        C        D         E       F
            +---------+---------+-------+---------+---------+-------
      Total |     592 |     390 |  39.7 |      83 |      19 |  18.6
            +---------+---------+-------+---------+---------+-------
        D:1 |      56 |      21 |  27.3 |      25 |       4 |  13.8
        D:2 |     162 |     330 |  67.1 |      20 |      11 |  35.5
        D:3 |     108 |      39 |  26.5 |      27 |       4 |  12.9
        D:4 |     266 |       0 |   0.0 |      11 |       0 |   0.0
            +---------+---------+-------+---------+---------+-------
